 Dungeon Crawl Stone Soup version 0.30-a0-373-gd37427bb62 (webtiles) character file.

Game seed: 11824192385470035430

316 garrulousMonolith the Slasher (level 6, -3/48 HPs)
             Began as a Demonspawn Berserker on Nov 24, 2022.
             Was a Believer of Trog.
             Slain by Pikel
             ... wielding a +0 whip of electrocution
              (20 damage)
             ... on level 4 of the Dungeon.
             The game lasted 00:03:39 (3005 turns).

garrulousMonolith the Slasher (DsBe)                Turns: 3005, Time: 00:03:40

Health: -3/48      AC:  7    Str: 19    XL:     6   Next: 20%
Magic:  6/6        EV: 11    Int:  8    God:    Trog [**....]
Gold:   218        SH:  0    Dex: 17    Spells: 5/5 levels left

rFire   . . .      SeeInvis .    u - +1 flail (venom)
rCold   . . .      Faith    .    (no shield)
rNeg    . . .      Spirit   .    t - +0 scale mail
rPois   .          Reflect  .    (no helmet)
rElec   .          Harm     .    o - +0 cloak
rCorr   .          Rampage  .    (no gloves)
Will    .....                    (no boots)
Stlth   ++........               (no amulet)
HPRegen 0.28/turn                (no ring)
MPRegen 0.10/turn                (no ring)

@: no status effects
A: thin skeletal structure 2, demonic guardian 2
a: Renounce Religion, Berserk, Trog's Hand


You were on level 4 of the Dungeon.
You worshipped Trog.
Trog was pleased with you.
You visited 1 branch of the dungeon, and saw 4 of its levels.

You collected 218 gold pieces.

Inventory:

Hand Weapons
 a - a +0 falchion
 u - a +1 flail of venom (weapon)
Missiles
 h - 40 stones (quivered)
Armour
 i - a +0 leather armour
 o - a +0 cloak (worn)
 t - a +0 scale mail (worn)
Jewellery
 p - an amulet of guardian spirit
Wands
 r - a wand of quicksilver (14)
Scrolls
 c - 3 scrolls of identify {unknown}
 d - a scroll of magic mapping {unknown}
 e - 2 scrolls of amnesia {unknown}
 f - a scroll of torment
 g - a scroll of teleportation {unknown}
 k - a scroll of enchant armour {unknown}
 m - a scroll of vulnerability {unknown}
 n - 4 scrolls of summoning
 w - a scroll of fog {unknown}
Potions
 b - a potion of mutation {unknown}
 j - a potion of flight {unknown}
 l - 2 potions of curing {unknown}
 q - a potion of might
 s - a potion of invisibility {unknown}
 v - a potion of heal wounds


   Skills:
 + Level 4.1 Fighting
 * Level 4.5 Long Blades
 + Level 3.0 Armour
 + Level 3.0 Dodging


You had 5 spell levels left.
You didn't know any spells.
Your spell library was empty.

Dungeon Overview and Level Annotations

Branches:
Dungeon (4/15)
 Temple: D:4-7

Altars:
Fedhas
Kikubaaqudgha
Makhleb
Qazlal
Xom

Shops:
D:2 *

Annotations:
D:4 Pikel


Innate Abilities, Weirdness & Mutations

You have a moderately thin skeletal structure. (Dex +4, Stealth++)
A demonic guardian rushes to your aid.


Message History

The angel dies!
Found a stone staircase leading up.
Found a short sword.
Found a stone staircase leading up.
No target in view!
w - a scroll labelled OXOTWOMES You see here Danwame's Grimoire of Friendly Terra Firma.
Pikel and a lemure come into view.
Pikel is wielding a +0 whip of electrocution.
The lemure shouts!
Pikel shouts!
A lemure comes into view. x2
A lemure and an orc come into view.
The lemure shouts! x2; The orc shouts!
You see here a +0 short sword.
You completely miss Pikel.
Pikel hits you with a +0 whip of electrocution.
You barely miss Pikel.
Pikel hits you with a +0 whip of electrocution.
Pikel closely misses you. The lemure barely misses you.
You barely miss Pikel.
Pikel hits you with a +0 whip of electrocution!
You are electrocuted!
The lemure misses you.
You are too injured to fight recklessly!
You are too injured to fight recklessly!
You are too injured to fight recklessly!
You are too injured to fight recklessly!
You are too injured to fight recklessly!
Pikel attacks as you move away! Pikel barely misses you.
Pikel attacks as you move away! Pikel barely misses you.
You closely miss Pikel.
Pikel hits you with a +0 whip of electrocution.
The lemure closely misses you. Pikel completely misses you.
You thump Pikel!
Pikel is moderately wounded.
Pikel hits you with a +0 whip of electrocution.
The lemure hits you but does no damage. The orc barely misses you.
You closely miss Pikel.
Pikel is moderately wounded.
Pikel hits you but does no damage.
You are electrocuted!!
You die...

#........# #....## #...
#........## #.##..#### #...
#.........# #.###....# ##..
#.<.......####.# ####.####..
#..........##..## #......#
#...............## ######..
##########.#..#..########..#
#...###..........#. ##@5#
####......... #Ko#
#......... #55## #...###...
#.5...# ##..##....
5..###.####...##.... ...##
#.#..)......... #...
#...#†##..###.. #..
##....##...#... #.
#.##.##......:


You could see Pikel, 4 lemures and an orc.

Vanquished Creatures
  2 hounds (D:4)
  2 iron imps (D:4)
  3 gnolls
  4 adders
  A worm (D:4)
  4 dart slugs
  6 orcs (D:3)
  5 ball pythons
  8 bats
  5 endoplasms
  5 giant cockroaches
  4 goblins
  4 hobgoblins
  5 jackals
  3 kobolds
  2 quokkas
  4 frilled lizards
  6 rats
73 creatures vanquished.

Vanquished Creatures (collateral kills)
  An iron imp (D:4)
  A gnoll (D:3)
  3 orcs (D:3)
  An endoplasm (D:2)
  A quokka (D:3)
7 creatures vanquished.

Vanquished Creatures (others)
  An angel (D:4)
  A withered plant (D:3)
2 creatures vanquished.

Grand Total: 82 creatures vanquished

Notes
Turn   | Place    | Note
-------+----------+-------------------------------------------
     0 | D:1      | garrulousMonolith the Demonspawn Berserker began the quest
                  | for the Orb.
     0 | D:1      | Reached XP level 1. HP: 18/18 MP: 1/1
   104 | D:1      | Gained mutation: A weak demonic guardian rushes to your
                  | aid. [demonic ancestry]
   104 | D:1      | Reached XP level 2. HP: 23/24 MP: 2/2
   493 | D:1      | Found a faded altar of an unknown god.
   869 | D:2      | Gained mutation: A demonic guardian rushes to your aid.
                  | [demonic ancestry]
   869 | D:2      | Reached XP level 3. HP: 9/29 MP: 3/3
   968 | D:2      | Found Kosiuq's Assorted Antiques.
  1005 | D:2      | Reached ** piety under Trog
  1426 | D:3      | Identified the +1 dagger of True Grit {freeze, Int+3
                  | Stlth+}
  1485 | D:3      | Gained mutation: You have a somewhat thin skeletal
                  | structure. (Dex +2, Stealth+) [demonic ancestry]
  1485 | D:3      | Reached XP level 4. HP: 32/35 MP: 4/4
  2088 | D:3      | Found an ancient bone altar of Kikubaaqudgha.
  2092 | D:3      | Found a blossoming altar of Fedhas.
  2492 | D:4      | Gained mutation: You have a moderately thin skeletal
                  | structure. (Dex +4, Stealth++) [demonic ancestry]
  2492 | D:4      | Reached XP level 5. HP: 42/42 MP: 5/5
  2528 | D:4      | Noticed an angel
  2562 | D:4      | Found a burning altar of Makhleb.
  2759 | D:4      | Found a stormy altar of Qazlal.
  2788 | D:4      | Reached XP level 6. HP: 44/48 MP: 6/6
  2887 | D:4      | Found a shimmering altar of Xom.
  2898 | D:4      | Killed an angel
  2996 | D:4      | Noticed Pikel
  3005 | D:4      | Slain by Pikel

Illustrated notes

Levels and vault maps discovered:
D:1:      dpeg_arrival_rooms_c, layout_loops_ring,
          hellmonk_ecumenical_altar_lost_god
D:2:      layout_rooms, serial_shops, shop
D:3:      layout_rooms, grunt_temple_overflow_growth_and_decay
D:4:      layout_rooms, grunt_temple_overflow_order_and_chaos_1,
          nicolae_qazlal_scattered_showers, demons_altar, uniq_pikel

Skill      XL: |  1  2  3  4  5  6 |
---------------+-------------------+-----
Long Blades    | 3 4 |  4.5
Armour         | 2 3 |  3.0
Dodging        | 2 3 |  3.0
Fighting       | 4 |  4.1

Action                   |  1- 3 |  4- 6 || total
-------------------------+-------+-------++-------
Melee: Falchion          |   132 |    52 ||   184
       Flail             |       |    49 ||    49
       Punch             |       |     2 ||     2
Invok: Trog's Hand       |     1 |       ||     1
       Berserk           |       |     1 ||     1
  Use: Potion            |     3 |       ||     3
       Scroll            |     2 |       ||     2
 Stab: Sleeping          |       |     5 ||     5
Armor: Animal skin       |    12 |       ||    12
       Leather armour    |    41 |    12 ||    53
       Scale mail        |       |    32 ||    32
Dodge: Dodged            |   115 |    82 ||   197

Table legend: (Time is in decaauts)
 A = Elapsed time spent in this place.
 B = Non-inter-level travel time spent in this place.
 C = Inter-level travel time spent in this place.
 D = Time resting spent in this place.
 E = Time spent auto-exploring this place.
 F = Levels seen in this place.
 G = Mean time per level.
                   A        B        C        D        E       F      G
               +--------+--------+--------+--------+--------+-----+--------+
         Total |   3069 |   3011 |     58 |    677 |   1713 |   4 |  767.2 |
       Dungeon |   3069 |   3011 |     58 |    677 |   1713 |   4 |  767.2 |
               +--------+--------+--------+--------+--------+-----+--------+

Top non-repeatable levels by time:
     D:3: 1087 daAuts
     D:1: 824 daAuts
     D:2: 613 daAuts
     D:4: 544 daAuts
